 Dungeon Crawl Stone Soup version 0.22-a0-247-gbddf880757 (webtiles) character file.

23576 Peterchen the Severer (level 12, -29/112 HPs)
             Began as a Minotaur Berserker on Feb 24, 2018.
             Was a High Priest of Trog.
             Annihilated by a titanic slime creature (93 damage)
             ... on level 13 of the Dungeon.
             The game lasted 00:58:07 (12590 turns).

Peterchen the Severer (Minotaur Berserker)         Turns: 12590, Time: 00:58:07

Health: -29/112    AC: 21    Str: 27    XL:     12   Next: 73%
Magic:  3/3        EV: 15    Int:  4    God:    Trog [*****.]
Gold:   509        SH:  0    Dex: 10    Spells: 11/11 levels left

rFire    . . .     SeeInvis .   R - +5 battleaxe (antimagic)
rCold    . . .     Gourm    .   (shield currently unavailable)
rNeg     . . .     Faith    .   E - +6 scale mail
rPois    .         Spirit   .   h - +1 hat
rElec    .         Reflect  .   d - +1 cloak
rCorr    .         Harm     .   L - +0 pair of gloves
MR       .....                  J - +0 pair of boots
Stlth    +.........             (no amulet)
HPRegen  0.28/turn              i - ring of flight
MPRegen  0.08/turn              v - ring of stealth

@: no status effects
A: retaliatory headbutt, horns 2
a: Berserk, Trog's Hand, Brothers in Arms, Renounce Religion, Evoke Flight


You were on level 13 of the Dungeon.
You worshipped Trog.
Trog was extremely pleased with you.
You were hungry.

You visited 1 branch of the dungeon, and saw 13 of its levels.

You collected 770 gold pieces.
You spent 261 gold pieces at shops.

Inventory:

Hand Weapons
 H - the +4 broad axe of Cykkys {chop, rC++}
   (You bought it in a shop on level 8 of the Dungeon)

   It inflicts extra damage upon your enemies.
   It greatly protects you from cold.
 R - a +5 antimagic battleaxe (weapon)
Missiles
 s - a javelin (quivered)
 u - a steel javelin
Armour
 d - a +1 cloak (worn)
 h - a +1 hat (worn)
 q - a +0 buckler
 E - a +6 scale mail (worn)
 J - a +0 pair of boots (worn)
 L - a +0 pair of gloves (worn)
Jewellery
 i - a ring of flight (left hand)
 v - a ring of stealth (right hand)
 D - a cursed -3 ring of strength {unknown}
Wands
 a - a wand of polymorph (18)
 x - a wand of flame (25)
 C - a wand of digging (32)
 M - a wand of paralysis (5)
 Q - a wand of iceblast (13)
Scrolls
 e - 4 scrolls of fear
 f - 10 scrolls of remove curse
 j - 3 scrolls of teleportation
 l - 3 scrolls of identify
 n - a scroll of enchant armour
 y - a scroll of immolation
 A - 2 scrolls of magic mapping
 F - a scroll of enchant weapon
 K - a scroll of vulnerability
 O - a scroll of fog
Potions
 b - 4 potions of ambrosia
 g - 3 potions of resistance
 k - a potion of agility {unknown}
 m - a potion of degeneration {unknown}
 p - a potion of haste {unknown}
 t - 2 potions of mutation {unknown}
 w - 4 potions of cancellation {unknown}
 z - 3 potions of brilliance {unknown}
 B - 2 potions of flight {unknown}
 I - a potion of might {unknown}
 N - 6 potions of curing {unknown}
 P - a potion of magic {unknown}
Miscellaneous
 r - a fan of gales
Comestibles
 c - 18 rations


   Skills:
 + Level 12.0 Fighting
 * Level 15.8 Axes
 + Level 11.7 Armour
 + Level 10.8 Dodging


You had 11 spell levels left.
You didn't know any spells.

Dungeon Overview and Level Annotations

Branches:
Dungeon (13/15)            Temple (0/1) D:4            Lair (0/6) D:10
    Orc (0/2) D:10
 Vaults: D:13-14

Altars:
Ashenzari
Dithmenos
Elyvilon
Fedhas
Gozag
Kikubaaqudgha
Nemelex Xobeh
Ru
Uskayaw
Wu Jian
Xom
Yredelemnul
The Shining One

Shops:
D:6 (   D:8 *


Innate Abilities, Weirdness & Mutations

You reflexively headbutt those who attack you in melee.
You have a pair of horns on your head.


Message History

The enormous slime creature hits you!!
Two slime creatures merge to form a titanic slime creature.
You carve the titanic slime creature like a ham!!!
You headbutt the titanic slime creature.
The titanic slime creature is severely wounded.
You hear a bellow!
You hit the titanic slime creature.
You headbutt the titanic slime creature.
The titanic slime creature is severely wounded.
The titanic slime creature hits you!!
You slash the titanic slime creature!
You headbutt the titanic slime creature!
The titanic slime creature is severely wounded.
The titanic slime creature hits you.
You completely miss the titanic slime creature.
Your headbutt misses the titanic slime creature.
The titanic slime creature is severely wounded.
The titanic slime creature hits you!!!!
Ouch! That really hurt!
You die...

#.#
#.#
#.#
#<#
#.#
#.####
#....#
####.#
#@#
#J#
#J#
#.#
#.#
...
###


You could see a titanic slime creature and a slime creature.

Vanquished Creatures
  Josephine (D:11)
  An ogre mage (D:12)
  Erolcha (D:12)
  A rakshasa (D:12)
  A two-headed ogre (D:8)
  A wizard (D:12)
  An orc knight (D:12)
  A deep elf mage (D:12)
  3 ugly things (D:12)
  A manticore (D:12)
  Psyche (D:8)
  A gargoyle (D:12)
  The ghost of Perturabo the Slasher, an amateur MiFi (D:4)
  Prince Ribbit (D:6)
  5 hippogriffs
  Grinder (D:6)
  3 shadows
  A spriggan (D:10)
  A vampire (D:12)
  A hungry ghost (D:10)
  22 yaks
  5 wraiths (D:11)
  Eustachio (D:5)
  A vampire mosquito (D:12)
  A water moccasin (D:8)
  A porcupine (D:10)
  2 black bears
  9 orc warriors
  6 sky beasts
  An eye of draining (D:12)
  An ice beast (D:6)
  A phantom (D:4)
  4 ogres
  10 centaurs
  7 bullfrogs
  8 scorpions
  2 water moccasin skeletons (D:6)
  11 killer bees (D:10)
  5 howler monkeys
  A centaur zombie (D:12)
  7 crimson imps
  2 quasits (D:9)
  3 jellies
  2 bullfrog zombies
  3 hounds
  10 orc priests
  3 centaur skeletons
  3 bullfrog skeletons
  Crazy Yiuf (D:5)
  11 orc wizards
  4 iguanas
  Terence (D:2)
  14 worker ants
  A bullfrog simulacrum (D:12)
  A hound zombie (D:8)
  2 hound skeletons
  3 gnolls (D:9)
  18 adders
  A shadow imp (D:8)
  An adder skeleton (D:5)
  An adder zombie (D:8)
  2 worms (D:2)
  4 dart slugs
  5 leopard geckos
  58 orcs
  3 ball pythons
  7 giant cockroaches
  7 goblins
  4 hobgoblins
  19 jackals
  3 quokkas
  9 bats
  4 frilled lizards
  6 kobolds
  7 rats
  2 rat zombies (D:4)
359 creatures vanquished.

Vanquished Creatures (collateral kills)
  The ghost of greentea the Severer, a journeyman MiBe of Trog (D:12)
  Harold (D:10)
  A cyclops (D:12)
  A hornet (D:12)
  2 slime creatures (D:12)
  A hippogriff (D:12)
  A shadow (D:12)
  Sigmund (D:6)
  A vampire (D:12)
  A basilisk (D:12)
  A porcupine (D:10)
  An orc warrior (D:12)
  A crocodile (D:10)
  A bullfrog (D:10)
  A scorpion (D:12)
  A crimson imp (D:6)
  A hound (D:12)
  An orc priest (D:10)
  2 orc wizards (D:12)
  An orc (D:10)
22 creatures vanquished.

Vanquished Creatures (others)
  A quokka (D:9)
1 creature vanquished.

Grand Total: 382 creatures vanquished

Notes
Turn   | Place    | Note
-------+----------+-------------------------------------------
     0 | D:1      | Peterchen the Minotaur Berserker began the quest for the Orb.
     0 | D:1      | Reached XP level 1. HP: 19/19 MP: 0/0
    66 | D:1      | Reached XP level 2. HP: 27/27 MP: 1/1
    86 | D:1      | Reached skill level 4 in Axes
   339 | D:1      | Reached XP level 3. HP: 33/33 MP: 2/2
   535 | D:1      | Reached ** piety under Trog
   788 | D:2      | Noticed Terence
   808 | D:2      | Killed Terence
   808 | D:2      | Reached XP level 4. HP: 23/40 MP: 3/3
  1112 | D:2      | Found a hide-covered altar of Uskayaw.
  1112 | D:2      | Noticed a hand axe
  1113 | D:2      | Noticed a hand axe
  1413 | D:2      | Found a basalt altar of Yredelemnul.
  1581 | D:3      | Reached skill level 5 in Axes
  1639 | D:3      | Reached XP level 5. HP: 42/47 MP: 4/4
  2025 | D:3      | Reached *** piety under Trog
  2328 | D:3      | Found an opulent altar of Gozag.
  2525 | D:4      | Reached skill level 6 in Axes
  2525 | D:4      | Reached XP level 6. HP: 55/55 MP: 5/5
  2539 | D:4      | Reached skill level 5 in Fighting
  2599 | D:4      | Noticed Perturabo's ghost (amateur MiFi)
  2609 | D:4      | Killed Perturabo's ghost
  2609 | D:4      | Reached skill level 7 in Axes
  2609 | D:4      | Reached XP level 7. HP: 61/61 MP: 6/6
  2825 | D:4      | Found a staircase to the Ecumenical Temple.
  2836 | D:4      | Reached skill level 5 in Armour
  3213 | D:4      | Found an ancient bone altar of Kikubaaqudgha.
  3290 | D:5      | Entered Level 5 of the Dungeon
  3464 | D:5      | Noticed Eustachio
  3497 | D:5      | Killed Eustachio
  3497 | D:5      | Reached skill level 8 in Axes
  3497 | D:5      | Reached skill level 5 in Dodging
  3497 | D:5      | Reached XP level 8. HP: 58/70 MP: 7/7
  3757 | D:5      | Found a shattered altar of Ashenzari.
  3830 | D:5      | Found a runed door.
  3874 | D:5      | Reached **** piety under Trog
  4390 | D:5      | Found a glowing golden altar of the Shining One.
  4558 | D:5      | Reached skill level 9 in Axes
  4845 | D:5      | Noticed Crazy Yiuf
  4848 | D:5      | Paralysed by Crazy Yiuf for 3 turns
  4857 | D:5      | HP: 1/71 [Crazy Yiuf/quarterstaff of chaos (16)]
  4858 | D:5      | Killed Crazy Yiuf
  5318 | D:6      | Reached XP level 9. HP: 79/79 MP: 8/8
  5323 | D:6      | Noticed Sigmund
  5327 | D:6      | Killed Sigmund
  5336 | D:6      | Found a shimmering altar of Xom.
  5396 | D:6      | Reached skill level 10 in Axes
  5428 | D:6      | Noticed Grinder
  5429 | D:6      | Paralysed by Grinder for 4 turns
  5484 | D:6      | Paralysed by Grinder for 5 turns
  5491 | D:6      | Found Noiryaxu's Weapon Boutique.
  5506 | D:6      | Found a glowing drain.
  5806 | D:6      | Killed Grinder
  5966 | D:6      | Noticed Prince Ribbit
  5971 | D:6      | Killed Prince Ribbit
  6475 | D:7      | Reached skill level 11 in Axes
  6532 | D:7      | Found a sacrificial altar of Ru.
  6817 | D:7      | Reached ***** piety under Trog
  6845 | D:7      | Reached XP level 10. HP: 68/90 MP: 9/9
  7107 | D:8      | Found Iriedir's Assorted Antiques.
  7116 | D:8      | Bought an ancient broad axe for 261 gold pieces
  7116 | D:8      | Identified the +4 broad axe of Cykkys {chop, rC++} (You bought it in a shop on level 8 of the Dungeon)
  7276 | D:8      | Noticed a two-headed ogre
  7284 | D:8      | Killed a two-headed ogre
  7284 | D:8      | Reached skill level 12 in Axes
  7735 | D:8      | Noticed Psyche
  7737 | D:8      | Paralysed by Psyche for 5 turns
  7746 | D:8      | Killed Psyche
  8210 | D:9      | Found a sparkling altar of Nemelex Xobeh.
  8241 | D:9      | Found a white marble altar of Elyvilon.
  8367 | D:9      | Found an ornate altar of the Wu Jian Council.
  8367 | D:9      | Found a blossoming altar of Fedhas.
  8642 | D:9      | Found a shadowy altar of Dithmenos.
  8666 | D:10     | Entered Level 10 of the Dungeon
  8785 | D:10     | Reached skill level 13 in Axes
  8785 | D:10     | Reached XP level 11. HP: 80/99 MP: 10/10
  9018 | D:10     | Noticed Harold
  9028 | D:10     | Killed Harold
  9032 | D:10     | Reached skill level 10 in Fighting
  9179 | D:10     | Found a staircase to the Lair.
  9611 | D:10     | Found a staircase to the Orcish Mines.
 10250 | D:11     | Noticed Josephine
 10257 | D:11     | Reached skill level 10 in Armour
 10261 | D:11     | Killed Josephine
 10317 | D:11     | Reached skill level 14 in Axes
 10730 | D:12     | Reached ****** piety under Trog
 10835 | D:12     | Received a gift from Trog
 10887 | D:12     | Noticed a deep elf mage
 10887 | D:12     | Noticed a rakshasa
 10888 | D:12     | Noticed a wizard
 10890 | D:12     | Noticed a purple ugly thing
 10891 | D:12     | Noticed an orc knight
 10893 | D:12     | Noticed greentea's ghost (journeyman MiBe)
 10905 | D:12     | Killed greentea's ghost
 10905 | D:12     | Reached XP level 12. HP: 80/110 MP: 3/11
 11013 | D:12     | Reached skill level 10 in Dodging
 11601 | D:12     | Killed a rakshasa
 11601 | D:12     | Reached skill level 15 in Axes
 11735 | D:12     | Noticed an ogre mage
 11767 | D:12     | Killed an ogre mage
 12297 | D:12     | Noticed Erolcha
 12305 | D:12     | Killed Erolcha
 12590 | D:13     | Annihilated by a titanic slime creature

Vault maps used:
D:1:      tarquinn_simple_flora_water_a, minmay_curled_crystal
D:2:      dancing_weapons_uskayaw, nicolae_overflow_hidden_temple, uniq_terence
D:3:      lemuel_round_altar, st_stairs_12, kennysheep_generic_room_10
D:4:      lemuel_zombie_altar_kikubaaqudgha, minmay_temple_entry_hall
D:5:      nicolae_tso_swordbearing_angel, ashenzari_conservatory_becter,
          first_ration, st_stairs_1, minmay_checkerbox, uniq_crazy_yiuf_cottage,
          uniq_eustachio
D:6:      overflow_temple_1_default, serial_shops, shop_fountains,
          gup_sewer_entry_glass, uniq_prince_ribbit1, uniq_sigmund, uniq_grinder
D:7:      nicolae_ru_path_of_blood
D:8:      serial_shops, shop, uniq_psyche
D:9:      nemelex_xobeh_ov_fountains_minmay, marbit_many_paths,
          elyvilon_altar_4, gammafunk_temple_overflow_elements
D:10:     grunt_lair_entry_orc_guard_hut, david_orc_4, the_bakery, uniq_harold
D:11:     uniq_josephine
D:12:     minmay_crescents, uniq_erolcha
D:13:     erik_vaults_2

Skill      XL: |  1  2  3  4  5  6  7  8  9 10 11 12 |
---------------+-------------------------------------+-----
Axes           | 4 5 6 7 8 9 11 13 14 15 | 15.8
Fighting       | 4 5 6 7 8 9 11 12 | 12.0
Armour         | 3 4 5 6 8 9 10 11 | 11.7
Dodging        | 3 4 5 6 7 8 9 10 | 10.8

Action                   |  1- 3 |  4- 6 |  7- 9 | 10-12 || total
-------------------------+-------+-------+-------+-------++-------
Melee: Hand axe          |    71 |    75 |   361 |    18 ||   525
       Headbutt          |     9 |    13 |    75 |    91 ||   188
       Broad axe         |       |       |       |   352 ||   352
       Battleaxe         |       |       |       |   113 ||   113
Throw: Javelin           |    30 |    76 |    30 |     1 ||   137
       Tomahawk          |       |       |     8 |     1 ||     9
Invok: Berserk           |       |     1 |     8 |    12 ||    21
       Trog's Hand       |       |     1 |     4 |     3 ||     8
       Brothers in Arms  |       |       |     1 |     5 ||     6
 Abil: Evoke Flight      |     1 |       |       |       ||     1
Evoke: Wand              |       |       |     4 |     4 ||     8
  Use: Scroll            |       |       |     7 |    15 ||    22
       Potion            |       |       |     2 |     3 ||     5
 Stab: Distracted        |     1 |       |       |       ||     1
  Eat: Chunk             |       |     6 |    13 |    35 ||    54
       Ration            |       |       |     3 |       ||     3
Armor: Animal skin       |     6 |       |       |       ||     6
       Plate armour      |    30 |    38 |   179 |    85 ||   332
       Scale mail        |       |       |       |   148 ||   148
Dodge: Dodged            |    37 |    28 |   124 |   255 ||   444
Block: Buckler           |       |       |     8 |    28 ||    36

Table legend:
 A = Spawn XP
 B = Non-spawn XP
 C = Spawn XP percentage of total XP
 D = Spawn monster count
 E = Non-spawn monster count
 F = Spawn count percentage of total count
 G = Total turns spent on level
                    A         B        C        D         E        F      G
               +---------+---------+-------+---------+---------+-------+---------
         Total |       0 |   33680 |   0.0 |       0 |     381 |   0.0 | 12590
               +---------+---------+-------+---------+---------+-------+---------
           D:1 |       0 |      48 |   0.0 |       0 |      26 |   0.0 |   571
           D:2 |       0 |      86 |   0.0 |       0 |      20 |   0.0 |   927
           D:3 |       0 |     182 |   0.0 |       0 |      34 |   0.0 |   989
           D:4 |       0 |     790 |   0.0 |       0 |      14 |   0.0 |   803
           D:5 |       0 |    1155 |   0.0 |       0 |      32 |   0.0 |  1789
           D:6 |       0 |    1925 |   0.0 |       0 |      35 |   0.0 |   981
           D:7 |       0 |    1443 |   0.0 |       0 |      24 |   0.0 |   997
           D:8 |       0 |    2678 |   0.0 |       0 |      26 |   0.0 |   877
           D:9 |       0 |    2130 |   0.0 |       0 |      25 |   0.0 |   732
          D:10 |       0 |    3506 |   0.0 |       0 |      52 |   0.0 |  1315
          D:11 |       0 |    5007 |   0.0 |       0 |      37 |   0.0 |   736
          D:12 |       0 |   14730 |   0.0 |       0 |      56 |   0.0 |  1856
               +---------+---------+-------+---------+---------+-------+---------
